 Dungeon Crawl Stone Soup version 0.24.0-123-gd5b16e6ec5 (webtiles) character file.

Game seed: 3528454637854797455, levelgen mode: deterministic

37 brucemayne the Chopper (level 3, -5/31 HPs)
             Began as a Hill Orc Monk on Jan 23, 2020.
             Killed from afar by Ijyb (15 damage)
             ... with an iceblast
             ... on level 3 of the Dungeon.
             The game lasted 00:02:34 (861 turns).

brucemayne the Chopper (Hill Orc Monk)               Turns: 861, Time: 00:02:35

Health: -5/31      AC:  6    Str: 14    XL:     3   Next: 41%
Magic:  3/3        EV: 10    Int: 10    God:
Gold:   103        SH:  0    Dex: 13    Spells: 2/2 levels left

rFire    . . .     SeeInvis .   a - +0 hand axe
rCold    . . .     Gourm    .   (no shield)
rNeg     . . .     Faith    .   h - +0 scale mail
rPois    .         Spirit   .   (no helmet)
rElec    .         Reflect  .   (no cloak)
rCorr    .         Harm     .   (no gloves)
MR       .....                  (no boots)
Stlth    ..........             (no amulet)
HPRegen  0.10/turn              (no ring)
MPRegen  0.08/turn              (no ring)

@: no status effects
A: no striking features
a: no special abilities


You were on level 3 of the Dungeon.
You were not hungry.

You visited 1 branch of the dungeon, and saw 4 of its levels.

You collected 103 gold pieces.

Inventory:

Hand Weapons
 a - a +0 hand axe (weapon)
Missiles
 i - 13 poisoned darts (quivered)
Armour
 b - a +0 robe
 h - a +0 scale mail (worn)
Wands
 m - a wand of random effects (14)
Scrolls
 d - 2 scrolls of remove curse {unknown}
 e - 2 scrolls of teleportation {unknown}
 g - 2 scrolls of identify {unknown}
 j - a scroll of fog {unknown}
 k - a scroll of immolation {unknown}
 n - a scroll of noise {unknown}
 o - a scroll of blinking {unknown}
Potions
 f - a potion of resistance {unknown}
 l - a potion of curing {unknown}
Comestibles
 c - 2 rations


   Skills:
 - Level 3.6 Fighting
 + Level 5.8 Axes
 - Level 2.4 Dodging
 - Level 1.5 Stealth


You had 2 spell levels left.
You didn't know any spells.
Your spell library was empty.

Dungeon Overview and Level Annotations

Branches:
Dungeon (4/15)
 Temple: D:4-7

Altars:

Annotations:
D:3 Ijyb


Message History

The ball python constricts you.
You slash the ball python!
You kill the ball python!
No target in view!
A kobold comes into view.
The kobold shouts!
As you open the door, it creaks loudly!
You hear a shout!
There is an open door here.
Ijyb the Twisted Goblin comes into view.
She is wielding a +0 club and carrying a wand of iceblast (11).
The kobold hits you.
You hit the kobold.
You kill the kobold!
Ijyb zaps a wand.
The mass of ice explodes!
The iceblast engulfs you!!
Ouch! That really hurt!
You hear a bark! x2
There is an open door here.
You see here 9 gold pieces.
Ijyb screams, "Me kill you!"
Ijyb zaps a wand.
The mass of ice explodes!
The iceblast engulfs you!
You die...

#.# #. #.# #. #.# #. ##'##
.. ##g..## #. ##.....##
### ## #. ##.......##
##.##
##...#.##.........####....
#.......$@........'.......
##...#.##.........####...#
## #. ##.......## ##..# #.
##.....## ##.# .. ##...##
#.# ## ##'## #.# #.# #.# .
. #.# #.#


You could see Ijyb.

Vanquished Creatures
  2 dart slugs (D:1)
  A leopard gecko (D:2)
  2 ball pythons
  A bat (D:1)
  A giant cockroach (D:1)
  8 goblins
  3 hobgoblins (D:2)
  2 jackals
  2 frilled lizards (D:1)
  5 kobolds
  4 rats
31 creatures vanquished.

Notes
Turn   | Place    | Note
-------+----------+-------------------------------------------
     0 | D:1      | brucemayne the Hill Orc Monk began the quest for the Orb.
     0 | D:1      | Reached XP level 1. HP: 19/19 MP: 1/1
    54 | D:1      | Reached XP level 2. HP: 8/26 MP: 2/2
   252 | D:1      | Reached skill level 5 in Axes
   416 | D:1      | Reached XP level 3. HP: 29/31 MP: 3/3
   858 | D:3      | Noticed Ijyb
   861 | D:3      | Killed from afar by Ijyb

Levels and vault maps discovered:
D:1:      tarquinn_simple_flora_water_b, layout_loops_ring
D:2:      layout_basic
D:3:      layout_loops_corners, amethyst_overflow_temple_binary, uniq_ijyb
D:4:      minmay_chambers_of_fours, layout_layer_cave,
          cheibrodos_sewer_entry_sluice, first_ration, hangedman_decor_opposing

Skill      XL: |  1  2 |
---------------+-------+-----
Axes           | 5 |  5.8
Fighting       | |  3.6
Dodging        | |  2.4
Stealth        | |  1.5

Action                   || total
-------------------------++-------
Melee: Hand axe          ||   104
 Stab: Distracted        ||     1
Armor: Robe              ||    12
       Scale mail        ||     7
Dodge: Dodged            ||    74
